 Dungeon Crawl Stone Soup version 0.30-a0-305-g026cb31310 (webtiles) character file.

Game seed: 4845330302799059334

464 billz999 the Changer (level 6, -3/41 HPs)
             Began as a Vampire Earth Elementalist on Oct 23, 2022.
             Slain by Pikel
             ... wielding a +2 whip of electrocution
              (20 damage)
             ... on level 4 of the Dungeon.
             The game lasted 00:05:45 (3552 turns).

billz999 the Changer (Vampire Earth Elementalist)   Turns: 3552, Time: 00:05:46

Health: -3/41      AC:  2    Str:  7    XL:     6   Next: 80%
Magic:  8/11       EV: 12    Int: 19    God:
Gold:   167        SH:  0    Dex: 15    Spells: 7/12 levels left

rFire   . . .      SeeInvis +    b - staff of earth
rCold   . . .      Faith    .    (no shield)
rNeg    . . .      Spirit   .    c - +0 robe
rPois   .          Reflect  .    (no helmet)
rElec   .          Harm     .    (no cloak)
rCorr   .          Rampage  .    (no gloves)
Will    .....                    (no boots)
Stlth   ++........               (no amulet)
HPRegen 0.46/turn                (no ring)
MPRegen 0.12/turn                (no ring)

@: healing quickly
A: alive, fangs 3, see invisible, vampiric 2
a: Exsanguinate


You were on level 4 of the Dungeon.
You visited 1 branch of the dungeon, and saw 4 of its levels.

You collected 167 gold pieces.

Inventory:

Hand Weapons
 a - a +0 dagger
 m - a +2 dagger of freezing
 s - a +1 dagger of speed
Missiles
 j - 7 poisoned darts
Armour
 c - a +0 robe (worn)
Magical Staves
 b - a staff of earth (weapon)
Jewellery
 d - a ring of protection from fire
 t - a +6 ring of strength
 A - an amulet of magic regeneration
Scrolls
 f - 2 scrolls of identify
 h - a scroll of amnesia {unknown}
 i - a scroll of blinking {unknown}
 k - 2 scrolls of teleportation
 o - a scroll of brand weapon {unknown}
 p - a scroll of torment {unknown}
 q - a scroll of magic mapping {unknown}
 x - a scroll of enchant weapon {unknown}
 y - a scroll of summoning {unknown}
 z - a scroll of fear {unknown}
Potions
 e - a potion of heal wounds
 g - a potion of degeneration
 l - a potion of brilliance
 n - 3 potions of curing
 r - a potion of ambrosia
 u - a potion of cancellation
 v - a potion of invisibility
 w - a potion of berserk rage


   Skills:
 - Level 2.1 Dodging
 - Level 3.0 Stealth
 + Level 3.5 Spellcasting
 * Level 7.0 Transmutations
 - Level 3.0 Earth Magic


You had 7 spell levels left.
You knew the following spells:

 Your Spells              Type           Power      Damage    Failure   Level
a - Sandblast             Erth           44%        2d11      4%          1
b - Petrify               Tmut/Erth      33%        N/A       19%         4

Your spell library contained the following spells:

 Spells                   Type           Power      Damage    Failure   Level
 Passwall                 Tmut/Erth      27%        N/A       2%          2
 Stone Arrow              Conj/Erth      26%        3d8       24%         3


Dungeon Overview and Level Annotations

Branches:
Dungeon (4/15)             Temple (0/1) D:4

Altars:
Okawaru

Shops:
D:4 =

Annotations:
D:4 Pikel


Innate Abilities, Weirdness & Mutations

Your natural rate of healing is accelerated.
You have razor-sharp teeth.
You have supernaturally acute eyesight. (SInv)
You are afflicted with vampirism and can become a bat while bloodless.


Message History

Confirm with . or Enter, or press ? or * to list all spells.
Aiming: Sandblast (safe; 4% risk of failure)
Press: ? - help, Shift-Dir - straight line, f - Pikel
Aim: Pikel, wielding a +2 whip of electrocution, wearing a +0 robe and carrying a wand of charming (6) (79% to hit)
You feel a surge of power!
The blast of sand misses Pikel.
The lemure shouts!
Pikel zaps a wand.
Your will is overpowered!
You are confused.
You're too confused to move!
You feel less confused.
You aren't carrying any items that you can evoke.
Unknown command.
Casting: Sandblast (safe; 4% risk of failure)
Confirm with . or Enter, or press ? or * to list all spells.
Aiming: Sandblast (safe; 4% risk of failure)
Press: ? - help, Shift-Dir - straight line, f/p - Pikel
Aim: Pikel, wielding a +2 whip of electrocution, wearing a +0 robe and carrying a wand of charming (5) (79% to hit)
You feel a surge of power!
The blast of sand hits Pikel!
Pikel is lightly wounded.
Pikel zaps a wand.
You resist with some effort.
Casting: Sandblast (safe; 4% risk of failure)
Confirm with . or Enter, or press ? or * to list all spells.
Aiming: Sandblast (safe; 4% risk of failure)
Press: ? - help, Shift-Dir - straight line, f/p - Pikel
Aim: Pikel, wielding a +2 whip of electrocution, wearing a +0 robe and carrying a wand of charming (4) (lightly wounded, 79% to hit)
You feel a surge of power!
The blast of sand hits Pikel!
Pikel is heavily wounded.
Pikel hits you with a +2 whip of electrocution!
Casting: Sandblast (safe; 4% risk of failure)
Confirm with . or Enter, or press ? or * to list all spells.
Aiming: Sandblast (safe; 4% risk of failure)
Press: ? - help, Shift-Dir - straight line, f/p - Pikel
Aim: Pikel, wielding a +2 whip of electrocution, wearing a +0 robe and carrying a wand of charming (4) (heavily wounded, 79% to hit)
You feel a surge of power!
The blast of sand hits Pikel.
Pikel is severely wounded.
Pikel hits you with a +2 whip of electrocution.
The lemure hits you.
Pikel hits you with a +2 whip of electrocution!
You are electrocuted!!
You die...

#####'#+######....# ..o..
######..............#####'#'#####
....................o.....#......
....................##....#......
....................''....'......
....................##....##.)...
......†.########..5.##....##.....
.....<.†# ##.K5.##....##.....
........# #.@5..##....##.....
........# #...######...#.....
........#######...######...#....?
########......####....##...#.....
#......####....##...######
#........##....##..∩# #
#........##....##...######
#........''...............
#........##...............


You could see Pikel, 3 lemures and an orc priest.

Vanquished Creatures
  Sigmund (D:4)
  Eustachio (D:4)
  A lemure (D:4)
  A hound (D:4)
  A gnoll (D:1)
  5 adders
  A worm (D:3)
  A dart slug (D:1)
  2 orcs
  8 ball pythons
  5 bats
  4 endoplasms
  4 giant cockroaches
  3 goblins
  9 hobgoblins
  4 jackals (D:3)
  10 kobolds
  4 quokkas
  3 frilled lizards
  5 rats
73 creatures vanquished.

Notes
Turn   | Place    | Note
-------+----------+-------------------------------------------
     0 | D:1      | billz999 the Vampire Earth Elementalist began the quest for
                  | the Orb.
     0 | D:1      | Reached XP level 1. HP: 13/13 MP: 3/3
   171 | D:1      | Reached skill level 2 in Transmutations
   188 | D:1      | Reached XP level 2. HP: 13/19 MP: 1/5
   307 | D:1      | Reached skill level 3 in Transmutations
   736 | D:1      | Gained mutation: You are afflicted with vampirism and can
                  | become a bat while bloodless. [Vampire growth]
   736 | D:1      | Reached XP level 3. HP: 24/24 MP: 3/6
  1132 | D:2      | Reached skill level 4 in Transmutations
  1256 | D:2      | Reached XP level 4. HP: 28/30 MP: 4/7
  1748 | D:3      | Learned a level 4 spell: Petrify
  2092 | D:3      | Found an iron altar of Okawaru.
  2134 | D:3      | Reached skill level 5 in Transmutations
  2184 | D:3      | Found a faded altar of an unknown god.
  2668 | D:4      | Noticed a lemure
  2677 | D:4      | Killed a lemure
  2744 | D:4      | Noticed Pikel
  2744 | D:4      | Noticed a lemure
  2744 | D:4      | Noticed a lemure
  2745 | D:4      | Noticed a lemure
  2805 | D:4      | Noticed Eustachio
  2815 | D:4      | Killed Eustachio
  2816 | D:4      | Reached skill level 6 in Transmutations
  2816 | D:4      | Reached XP level 5. HP: 23/35 MP: 1/9
  2816 | D:4      | Reached XP level 6. HP: 27/41 MP: 1/10
  2911 | D:4      | Noticed Sigmund
  2921 | D:4      | Killed Sigmund
  3068 | D:4      | Found Haoghoi's Jewellery Shop.
  3095 | D:4      | Found a staircase to the Ecumenical Temple.
  3496 | D:4      | Reached skill level 7 in Transmutations
  3552 | D:4      | Slain by Pikel

Illustrated notes

Levels and vault maps discovered:
D:1:      mrwooster_arrival_statue, layout_basic, roderic_lattice_a,
          minmay_tromino_v4_a
D:2:      layout_basic, serial_curves, eino_curves_02, eino_curves_03,
          nicolae_eternal_life
D:3:      layout_basic, okawaru_trees_2, shapermc_ecumenical_altar_pompeii
D:4:      layout_basic, minmay_temple_entry_proselytizer, serial_shops, shop,
          uniq_eustachio, uniq_crazy_yiuf_cottage, uniq_pikel, uniq_sigmund

Skill      XL: |  1  2  3  4  5  6 |
---------------+-------------------+-----
Transmutations | 2 3 4 6 7 |  7.0
Spellcasting   | 3 |  3.5
Dodging        | |  2.1
Stealth        | |  3.0
Earth Magic    | |  3.0

Action                   |  1- 3 |  4- 6 || total
-------------------------+-------+-------++-------
Melee: Dagger            |    18 |     3 ||    21
       Bite              |     1 |     1 ||     2
       Staff             |     1 |     3 ||     4
       Punch             |     1 |       ||     1
 Cast: Sandblast         |    44 |    66 ||   110
  Use: Potion            |     2 |     1 ||     3
       Scroll            |       |     7 ||     7
 Stab: Sleeping          |     2 |     1 ||     3
Armor: Robe              |     4 |     5 ||     9
Dodge: Dodged            |    27 |    24 ||    51

Table legend: (Time is in decaauts)
 A = Elapsed time spent in this place.
 B = Non-inter-level travel time spent in this place.
 C = Inter-level travel time spent in this place.
 D = Time resting spent in this place.
 E = Time spent auto-exploring this place.
 F = Levels seen in this place.
 G = Mean time per level.
                   A        B        C        D        E       F      G
               +--------+--------+--------+--------+--------+-----+--------+
         Total |   3603 |   3375 |    228 |     36 |   2856 |   4 |  900.8 |
       Dungeon |   3603 |   3375 |    228 |     36 |   2856 |   4 |  900.8 |
               +--------+--------+--------+--------+--------+-----+--------+

Top non-repeatable levels by time:
     D:3: 999 daAuts
     D:1: 969 daAuts
     D:4: 896 daAuts
     D:2: 738 daAuts
